 Dungeon Crawl Stone Soup version 0.30.1-9-gdf580d7c3d (webtiles) character file.

Game seed: 17607966025168458078

4152 pkoi the Martial Artist (level 10, -4/83 HPs)
             Began as a Black Draconian Monk on Oct 17, 2023.
             Slain by a culicivora (shapeshifter) (13 damage)
             ... on level 8 of the Dungeon.
             The game lasted 00:13:28 (9124 turns).

pkoi the Martial Artist (Black Draconian Monk)      Turns: 9124, Time: 00:13:29

Health: -4/83      AC: 12    Str: 13    XL:     10   Next: 7%
Magic:  17/17      EV: 15    Int: 15    God:
Gold:   9          SH:  0    Dex: 14    Spells: 10/18 levels left

rFire   + .          .
                       - Unarmed
rCold   + . .        (no shield)
rNeg    . . .        (body armour unavailable)
rPois   .            q - +2 hat
rElec   +            n - scarf {rC+ rF+}
rCorr   .            d - +0 pair of gloves
SInv    .            t - +1 pair of boots {Fly}
Will    .....        (no amulet)
Stlth   ++           (no ring)
HPRegen 0.33/turn    (no ring)
MPRegen 0.15/turn

%: no passive effects
@: short of breath, flying
A: breathe lightning, AC +7, unfitting armour, electricity resistance,
cold-blooded
a: Breathe Lightning


You were on level 8 of the Dungeon.
You visited 1 branch of the dungeon, and saw 8 of its levels.

You collected 492 gold pieces.
You spent 483 gold pieces at shops.

Inventory:

Hand Weapons
 u - a +2 dagger of electrocution
 v - a +3 dagger
Armour
 b - an orb of light
 d - a +0 pair of gloves (worn)
 n - a scarf of resistance (worn)
 q - a +2 hat (worn)
 t - a +1 pair of boots of flying (worn)
Jewellery
 p - a ring of ice
Scrolls
 f - a scroll of teleportation
 k - 2 scrolls of fog
 l - 8 scrolls of identify
 o - 2 scrolls of fear
 s - 2 scrolls of enchant armour
 x - a scroll of blinking
Potions
 a - 2 potions of ambrosia
 c - a potion of heal wounds
 e - a potion of cancellation
 g - a potion of curing
 i - 3 potions of haste
 j - a potion of flight
 m - 2 potions of lignification
 r - 2 potions of berserk rage


   Skills:
 - Level 6.0 Fighting
 - Level 6.5 Dodging
 - Level 3.0 Stealth
 + Level 8.5 Unarmed Combat
 - Level 4.9 Spellcasting
 - Level 3.0 Translocations
 + Level 6.9 Air Magic


You had 10 spell levels left.
You knew the following spells:

 Your Spells              Type           Power      Damage    Failure   Level
a - Swiftness             Air            24%        N/A       2%          3
b - Apportation           Tloc           24%        N/A       4%          1
c - Airstrike             Air            12%        2d(2-18)  10%         4

Your spell library contained the following spells:

 Spells                   Type           Power      Damage    Failure   Level
 Shock                    Conj/Air       56%        1d6       4%          1
 Static Discharge         Conj/Air       28%        2-4/arc   6%          2
 Freeze                   Ice            12%        1d3       17%         1
 Kiss of Death            Conj/Necr      12%        2d6       17%         1
 Necrotise                Necr           12%        1d4       17%         1
 Summon Small Mammal      Summ           12%        N/A       17%         1
 Summon Lightning Spire   Summ/Air       14%        N/A       36%         4
 Confusing Touch          Hex            3%         N/A       45%         3
 Frozen Ramparts          Ice            6%         1d1       45%         3
 Hailstorm                Conj/Ice       3%         3d3       45%         3
 Dispel Undead            Necr           3%         3d7       86%         4
 Iskenderun's Battlesphe  Conj           3%         2d6       99%         5
 Iron Shot                Conj/Erth      1%         9d1       100%        6
 Spellforged Servitor     Conj/Summ      1%         N/A       100%        7


Dungeon Overview and Level Annotations

Branches:
Dungeon (8/15)             Temple (0/1) D:4
   Lair: D:8-11

Altars:
Cheibriados

Shops:
D:2 ??:[[   D:3 [=   D:7 [

Annotations:
D:3 1 runed translucent door, TekDriveTruck's ghost, amateur GnFi


Innate Abilities, Weirdness & Mutations

You can breathe wild blasts of lightning.
Your glossy black scales are hard. (AC +7)
You cannot fit into any form of body armour.
You are resistant to electric shocks. (rElec)
You are cold-blooded and may be slowed by cold attacks.


Message History

The killer bee is severely wounded.
You feel very sick. The killer bee stings you. x2
You hit the killer bee.
Your tail-slap misses the killer bee.
The killer bee is severely wounded.
You feel sick. The killer bee completely misses you.
You barely miss the killer bee.
Your tail-slap misses the killer bee.
The killer bee is severely wounded.
You feel sick. The killer bee stings you.
* * * LOW HITPOINT WARNING * * *
You are lethally poisoned!
The killer bee poisons you! The killer bee stings you!
* * * LOW HITPOINT WARNING * * *
You feel better.
The killer bee stings you but does no damage.
The killer bee barely misses you.
You hit the killer bee.
You kill the killer bee!
The culicivora completely misses you.
Throw: 3 throwing nets
Press: ? - help, Q - select action, (/) - cycle Shift-Dir - straight line, f - culicivora
Aim: a culicivora (41% to hit)
You throw a throwing net.
The throwing net closely misses the culicivora.
The culicivora bites you!
* * * LOW HITPOINT WARNING * * *
The culicivora draws strength from your injuries!
Throw: 2 throwing nets
Press: ? - help, Q - select action, (/) - cycle Shift-Dir - straight line, f/p - culicivora
Aim: a culicivora (41% to hit)
You throw a throwing net.
The throwing net barely misses the culicivora.
The culicivora bites you but does no damage.
The culicivora misses you.
Throw: throwing net
Press: ? - help, Q - select action, (/) - cycle Shift-Dir - straight line, f/p - culicivora
Aim: a culicivora (41% to hit)
You throw a throwing net. The throwing net misses the culicivora.
The culicivora bites you!
You die...

##....#..<.###............
...÷..##....####...y......
...##.##...## #......y.... y
#.÷##.###..####>....##... ..y
............(........###y...#
..#####.#................y#
.## ###[##...###.....#..# .##
##.....s#...#.## # ..#
###..##.†@..#### .##
#.....##..### [o##
#.....##### #..## ##......#.
#.<.## #..........
.....###..#....##.
#.........#.##.##.
#..........#####..
##................


You could see a culicivora.

Vanquished Creatures
  Sigmund (D:2)
  5 yaks
  A water moccasin (D:7)
  An orc warrior (D:7)
  4 ice beasts
  4 ogres
  A phantom (D:5)
  Blork the orc (D:5)
  5 bullfrogs
  A kobold brigand (D:7)
  2 scorpions (D:5)
  12 wights
  5 killer bees (D:8)
  3 howler monkeys
  4 hounds
  2 jellies
  2 gnoll boudas (D:7)
  An orc priest (D:8)
  A sleepcap (D:6)
  5 iguanas
  3 orc wizards
  7 gnolls
  11 adders
  A shadow imp (D:6)
  An ufetubus (D:5)
  3 worms
  2 dart slugs (D:1)
  9 orcs
  8 endoplasms
  5 giant cockroaches
  4 goblins
  6 hobgoblins
  10 kobolds
  2 quokkas
  8 ball pythons
  8 bats
  5 frilled lizards
  6 rats
160 creatures vanquished.

Notes
Turn   | Place    | Note
-------+----------+-------------------------------------------
     0 | D:1      | pkoi the Draconian Monk began the quest for the Orb.
     0 | D:1      | Reached XP level 1. HP: 19/19 MP: 1/1
   111 | D:1      | Reached XP level 2. HP: 26/26 MP: 2/2
   287 | D:1      | Reached XP level 3. HP: 17/31 MP: 3/3
   341 | D:1      | Reached skill level 4 in Unarmed Combat
   641 | D:2      | Found Qamiumm's Magic Scroll Emporium.
   656 | D:2      | Bought a scroll of teleportation for 36 gold pieces
   656 | D:2      | Bought a scroll of noise for 12 gold pieces
   752 | D:2      | Reached skill level 1 in Stealth
   831 | D:2      | Found Xuamm's Magic Scroll Shop.
   904 | D:2      | Reached XP level 4. HP: 39/39 MP: 4/4
  1160 | D:2      | Found Egoothru's Antique Armour Boutique.
  1176 | D:2      | Found Eziokal's Antique Armour Boutique.
  1189 | D:2      | Noticed Sigmund
  1203 | D:2      | Killed Sigmund
  1204 | D:2      | Reached skill level 5 in Unarmed Combat
  1204 | D:2      | Reached XP level 5. HP: 36/46 MP: 5/5
  1273 | D:2      | Found Moashrik's Book Emporium.
  1478 | D:3      | Reached XP level 6. HP: 42/52 MP: 6/6
  1536 | D:3      | Found a faded altar of an unknown god.
  1566 | D:3      | Found Rakhlix's Jewellery Shoppe.
  1959 | D:3      | Found Gaunemm's Antique Armour Emporium.
  2248 | D:3      | Noticed TekDriveTruck's ghost (amateur GnFi)
  2249 | D:3      | Found a runed translucent door.
  2949 | D:4      | Found a staircase to the Ecumenical Temple.
  3212 | D:5      | Entered Level 5 of the Dungeon
  3237 | D:5      | Noticed an ice beast
  3264 | D:5      | Killed an ice beast
  3265 | D:5      | Your scales start taking on a glossy black colour.
  3265 | D:5      | Reached XP level 7. HP: 42/60 MP: 7/7
  3265 | D:5      | Gained mutation: You are resistant to electric shocks.
                  | (rElec) [Black Draconian growth]
  3334 | D:5      | Learned a level 3 spell: Swiftness
  3498 | D:5      | Reached skill level 5 in Fighting
  3498 | D:5      | Reached skill level 6 in Unarmed Combat
  3498 | D:5      | Reached skill level 1 in Air Magic
  3617 | D:5      | Reached skill level 1 in Spellcasting
  4064 | D:5      | Reached XP level 8. HP: 45/69 MP: 10/10
  4211 | D:5      | Learned a level 1 spell: Apportation
  4212 | D:5      | Noticed Blork the orc
  4227 | D:5      | Killed Blork the orc
  4879 | D:3      | Bought an embroidered hat for 210 gold pieces
  4975 | D:5      | Reached skill level 5 in Dodging
  4979 | D:5      | Reached skill level 7 in Unarmed Combat
  5547 | D:6      | Reached skill level 1 in Translocations
  5621 | D:6      | Reached XP level 9. HP: 44/72 MP: 14/14
  5895 | D:6      | Reached skill level 5 in Air Magic
  6539 | D:7      | Identified the +1 hat "Ala Peppy" {Harm}
  6738 | D:7      | Found Tatsevoa's Antique Armour Shop.
  7042 | D:7      | Found a snail-covered altar of Cheibriados.
  7195 | D:7      | Reached skill level 8 in Unarmed Combat
  7526 | D:8      | HP: 2/70 [wight/+4 falchion (5)]
  7876 | D:7      | Learned a level 4 spell: Airstrike
  8642 | D:3      | Bought a pair of embroidered boots for 225 gold pieces
  8749 | D:8      | Reached XP level 10. HP: 83/83 MP: 9/17
  8906 | D:8      | Noticed a mana viper
  8906 | D:8      | Noticed a two-headed ogre
  8907 | D:8      | a mana viper changed into a shock serpent
  8907 | D:8      | Noticed a shock serpent (shapeshifter)
  8908 | D:8      | a shock serpent changed into a cyclops
  8908 | D:8      | Noticed a cyclops (shapeshifter)
  8919 | D:8      | a cyclops changed into a swamp dragon
  8919 | D:8      | Noticed a swamp dragon (shapeshifter)
  9124 | D:8      | Slain by a culicivora (shapeshifter)

Illustrated notes

Levels and vault maps discovered:
D:1:      lightli_molten_gateway, layout_basic
D:2:      layout_loops_ring, serial_shops, shop, shop,
          nicolae_shop_window_shopping, shop, shop, minmay_misc_feat_diagonals,
          uniq_sigmund
D:3:      layout_loops_cross, hellmonk_ecumenical_altar_zigzags,
          gammafunk_ghost_grave, serial_shops, shop, nicolae_shop_trees
D:4:      layout_loops_ring, minmay_temple_entry_sparse_star
D:5:      layout_cave_pods, corexii_shack, uniq_blork_the_orc
D:6:      layout_loops_ring, minivault_23, chequers_hall_statues_wall_a,
          minmay_tree_intersection, kennysheep_generic_room_4
D:7:      layout_rooms, lemuel_coloured_pillars_altar, serial_shops, shop
D:8:      layout_cave_pools, columned_hall_lemuel, grunt_ministairs_2

Skill      XL: |  1  2  3  4  5  6  7  8  9 |
---------------+----------------------------+-----
Unarmed Combat | 4 5 6 7 8 |  8.5
Dodging        | 3 4 5 6 |  6.5
Stealth        | 1 2 3 |  3.0
Fighting       | 4 5 6 |  6.0
Air Magic      | 2 4 6 |  6.9
Spellcasting   | 1 3 4 |  4.9
Translocations | 1 3 |  3.0

Action                     |  1- 3 |  4- 6 |  7- 9 | 10-12 || total
---------------------------+-------+-------+-------+-------++-------
  Melee: Unarmed           |   120 |   132 |   418 |    15 ||   685
         Tailslap          |    13 |    18 |    90 |     1 ||   122
  Throw: Throwing net      |       |     1 |     2 |     3 ||     6
   Cast: Airstrike         |       |       |       |     5 ||     5
Ability: Breathe Lightning |       |       |    13 |     1 ||    14
    Use: Potion            |     3 |       |       |     1 ||     4
         Scroll            |       |     8 |     8 |       ||    16
   Stab: Held in net/web   |       |     1 |       |       ||     1
         Sleeping          |       |     1 |     1 |       ||     2
 Armour: Skin              |    36 |    33 |    97 |    11 ||   177
  Dodge: Dodged            |    81 |    60 |   244 |    21 ||   406
